 Dungeon Crawl Stone Soup version 0.30-a0-728-gc68057be0a (webtiles) character file.

Game seed: 13390230409001232226

140 Ajdolov the Magician (level 5, -8/37 HPs)
             Began as a Mummy Necromancer on Jan 30, 2023.
             Mangled by an ogre
             ... wielding a +0 giant spiked club
              (25 damage)
             ... on level 4 of the Dungeon.
             The game lasted 00:08:42 (3593 turns).

Ajdolov the Magician (Mummy Necromancer)            Turns: 3593, Time: 00:08:42

Health: -8/37      AC:  5    Str: 12    XL:     5   Next: 2%
Magic:  6/12       EV: 17    Int: 16    God:
Gold:   179        SH:  0    Dex: 12    Spells: 10/14 levels left

rFire   x . .      SeeInvis .    d - +1 spear
rCold   + . .      Faith    +    (no shield)
rNeg    + + +      Spirit   .    a - +0 robe
rPois   ∞          Reflect  .    m - +1 helmet
rElec   .          Harm     .    (no cloak)
rCorr   .          Rampage  .    (no gloves)
Will    .....                    o - +0 pair of boots
Stlth   ++                       (no amulet)
HPRegen 0.26/turn                k - +5 ring of evasion
MPRegen 0.13/turn                (no ring)

@: no status effects
A: cold resistance 1, negative energy resistance 3, torment resistance 2, heat
vulnerability 1, in touch with death 1, no potions, faith
a: no special abilities


You were on level 4 of the Dungeon.
You visited 1 branch of the dungeon, and saw 4 of its levels.

You collected 179 gold pieces.

Inventory:

Hand Weapons
 d - a +1 spear (weapon)
 n - a +0 dagger of venom
Missiles
 f - 10 boomerangs
Armour
 a - a +0 robe (worn)
 m - a +1 helmet (worn)
 o - a +0 pair of boots (worn)
Jewellery
 k - a +5 ring of evasion (left hand)
Scrolls
 b - a scroll of poison
 c - a scroll of noise
 e - 2 scrolls of immolation
 g - a scroll of magic mapping
 i - 3 scrolls of identify
 l - 4 scrolls of enchant weapon


   Skills:
 + Level 1.1 Fighting
 * Level 0.3 Polearms
 - Level 1.5 Dodging
 - Level 1.5 Stealth
 - Level 5.0 Spellcasting
 + Level 4.9 Necromancy


You had 10 spell levels left.
You knew the following spells:

 Your Spells              Type           Power      Damage    Failure   Level
a - Necrotise             Necr           100%       1d9       1%          1
b - Vampiric Draining     Necr           29%        2d8       6%          3

Your spell library contained the following spells:

 Spells                   Type           Power      Damage    Failure   Level
 Magic Dart               Conj           16%        1d3       16%         1
 Animate Dead             Necr           29%        N/A       21%         4
 Call Imp                 Summ           4%         N/A       22%         2
 Ignite Poison            Fire/Tmut/Pois 4%         N/A       41%         3
 Mephitic Cloud           Conj/Pois/Air  4%         N/A       41%         3
 Agony                    Necr           29%        N/A       50%         5
 Sticky Flame             Conj/Fire      4%         2d3       83%         4
 Ignition                 Fire           2%         3d3       100%        8


Dungeon Overview and Level Annotations

Branches:
Dungeon (4/15)
 Temple: D:4-7

Altars:
Trog
Yredelemnul

Shops:
D:3 [[*[   D:4 *

Annotations:
D:3 1 runed translucent door, Bnni's ghost, amateur FoHu
D:4 2 transporters, hackon's ghost, amateur OgFE


Innate Abilities, Weirdness & Mutations

You are immune to poison.
Your flesh is cold resistant. (rC+)
You are immune to negative energy. (rN+++)
You are immune to unholy pain and torment.
You are vulnerable to heat. (rF-)
You are in touch with the powers of death.
You do not drink.
You have a special connection with the divine. (Faith)


Message History

The necrophage is moderately damaged.
The necrophage hits you.
* * * LOW HITPOINT WARNING * * *
You hit the necrophage.
The necrophage is moderately damaged.
The necrophage misses you.
You hit the necrophage.
The necrophage is heavily damaged.
The necrophage hits you.
* * * LOW HITPOINT WARNING * * *
You hit the necrophage.
The necrophage is heavily damaged.
The necrophage barely misses you.
You barely miss the necrophage.
The necrophage is heavily damaged.
The necrophage barely misses you.
You hit the necrophage.
The necrophage is heavily damaged.
The necrophage barely misses you.
You hit the necrophage.
The necrophage is severely damaged.
The necrophage barely misses you. The ogre closely misses you.
Casting: Necrotise (safe; 1% risk of failure)
Confirm with . or Enter, or press ? or * to list all spells.
Aiming: Vampiric Draining (dangerous; 6% risk of failure)
Press: ? - help, Shift-Dir - straight line, f - ogre
Aim: an ogre, wielding a +0 giant spiked club You feel a surge of power!
You draw life force from the ogre!
You feel life coursing into your body! The necrophage misses you.
Casting: Vampiric Draining (dangerous; 6% risk of failure)
Confirm with . or Enter, or press ? or * to list all spells.
Aiming: Vampiric Draining (dangerous; 6% risk of failure)
Press: ? - help, Shift-Dir - straight line, f/p - ogre
Aim: an ogre, wielding a +0 giant spiked club (heavily wounded)
You feel a surge of power!
You draw life force from the ogre!
You feel life coursing into your body. The necrophage misses you.
The ogre hits you with a +0 giant spiked club!!
Ouch! That really hurt!
You die...

*,*#####.###..#############..###
*,*#................©........#
*,*#.......#.................#
*,*#.......#########.#########
*,*#.........# #.#
*,*#.......#.### #.#
*,*#...........# #.#
*,*#(..........#####.###########
*,*#.##)##°...O@n...............
*,*#.*#.##.∩..°#####.###########
*,*#,*#.##....[# #.###########
*,**,,.......### #............
*,,,,..>###### #############
*****####


You could see an ogre and a necrophage.

Vanquished Creatures
  9 adders
  A worm (D:3)
  2 dart slugs
  4 bats (D:1)
  5 endoplasms
  4 goblins
  5 hobgoblins
  6 jackals
  2 quokkas
  5 ball pythons
  3 kobolds
  3 rats
49 creatures vanquished.

Vanquished Creatures (collateral kills)
  A goblin (D:2)
  A rat (D:2)
2 creatures vanquished.

Vanquished Creatures (others)
  2 withered plants (D:3)
2 creatures vanquished.

Grand Total: 53 creatures vanquished

Notes
Turn   | Place    | Note
-------+----------+-------------------------------------------
     0 | D:1      | Ajdolov the Mummy Necromancer began the quest for the Orb.
     0 | D:1      | Reached XP level 1. HP: 13/13 MP: 4/4
   170 | D:1      | Reached skill level 3 in Spellcasting
   406 | D:1      | Reached XP level 2. HP: 19/19 MP: 4/6
   578 | D:1      | Found a faded altar of an unknown god.
  1284 | D:2      | Gained mutation: You are in touch with the powers of death.
                  | [Mummy growth]
  1284 | D:2      | Reached XP level 3. HP: 24/24 MP: 5/8
  1326 | D:2      | Reached skill level 4 in Spellcasting
  1816 | D:2      | Reached XP level 4. HP: 30/30 MP: 7/10
  2028 | D:2      | Reached skill level 5 in Spellcasting
  2122 | D:3      | Learned a level 3 spell: Vampiric Draining
  2177 | D:3      | Found a bloodstained altar of Trog.
  2225 | D:3      | Found Gonibon's Antique Armour Shoppe.
  2242 | D:3      | Found Ujiguk's Antique Armour Emporium.
  2273 | D:3      | Found Roupref's Assorted Antiques.
  2599 | D:3      | Found a runed translucent door.
  2599 | D:3      | Noticed Bnni's ghost (amateur FoHu)
  2634 | D:3      | Reached skill level 1 in Fighting
  2750 | D:3      | Found Gercho's Armour Boutique.
  3174 | D:4      | Reached XP level 5. HP: 36/37 MP: 12/12
  3247 | D:4      | Found Coejuup's General Store.
  3266 | D:4      | Found a transporter.
  3268 | D:4      | Noticed hackon's ghost (amateur OgFE)
  3271 | D:4      | Found a transporter.
  3329 | D:4      | Noticed an ogre
  3495 | D:4      | Found a basalt altar of Yredelemnul.
  3585 | D:4      | HP: 1/37 [necrophage (2)]
  3593 | D:4      | Mangled by an ogre

Illustrated notes

Levels and vault maps discovered:
D:1:      saegor_arrival_fortress, layout_basic,
          shapermc_ecumenical_altar_mp_vishouse
D:2:      layout_basic, chequers_serial_rivers_micro_c
D:3:      layout_loops_ring, mainiacjoe_overflow_alcove_2, serial_shops,
          nicolae_shop_behind_doors, nicolae_shop_statue_plus,
          nicolae_shop_advertising_works [nicolae_subvault_shop_adworks],
          nicolae_shop_statue_plus, gammafunk_ghost_grave,
          minmay_misc_feat_rows, minivault_27, kennysheep_crisscross
D:4:      layout_loops_ring, general_overflow_altar, serial_shops, shop,
          gammafunk_ghost_mausoleum

Skill      XL: |  1  2  3  4 |
---------------+-------------+-----
Spellcasting   | 3 4 5 |  5.0
Fighting       | 1 |  1.1
Polearms       | |  0.3
Dodging        | |  1.5
Stealth        | |  1.5
Necromancy     | |  4.9

Action                     |  1- 3 |  4- 6 || total
---------------------------+-------+-------++-------
  Melee: Dagger            |     5 |    21 ||    26
         Punch             |     1 |       ||     1
         Spear             |       |    15 ||    15
  Throw: Boomerang         |     1 |       ||     1
   Cast: Necrotise         |    57 |    45 ||   102
         Vampiric Draining |       |     2 ||     2
    Use: Scroll            |       |     7 ||     7
   Stab: Sleeping          |     1 |     1 ||     2
 Armour: Robe              |     4 |     8 ||    12
  Dodge: Dodged            |    25 |    41 ||    66

Table legend: (Time is in decaauts)
 A = Elapsed time spent in this place.
 B = Non-inter-level travel time spent in this place.
 C = Inter-level travel time spent in this place.
 D = Time resting spent in this place.
 E = Time spent auto-exploring this place.
 F = Levels seen in this place.
 G = Mean time per level.
                   A        B        C        D        E       F      G
               +--------+--------+--------+--------+--------+-----+--------+
         Total |   3593 |   3458 |    135 |     58 |   2731 |   4 |  898.2 |
       Dungeon |   3593 |   3458 |    135 |     58 |   2731 |   4 |  898.2 |
               +--------+--------+--------+--------+--------+-----+--------+

Top non-repeatable levels by time:
     D:1: 1125 daAuts
     D:3: 1027 daAuts
     D:2: 982 daAuts
     D:4: 458 daAuts
